 Dungeon Crawl Stone Soup version 0.22-a0-458-gb446440d2e (webtiles) character file.

18 Kaname the Magician (level 2, -1/19 HPs)
             Began as a Demonspawn Wizard on June 8, 2018.
             Slain by Natasha (5 damage)
             ... on level 2 of the Dungeon.
             The game lasted 00:02:14 (1411 turns).

Kaname the Magician (Demonspawn Wizard)             Turns: 1411, Time: 00:02:15

Health: -1/19      AC:  2    Str:  9    XL:     2   Next: 48%
Magic:  0/6        EV: 12    Int: 24    God:
Gold:   48         SH:  0    Dex: 11    Spells: 6/7 levels left

rFire    + . .     SeeInvis .   e - +0 dagger
rCold    x . .     Gourm    .   (no shield)
rNeg     . . .     Faith    .   a - +0 robe
rPois    .         Spirit   +   b - +0 hat
rElec    .         Reflect  .   (no cloak)
rCorr    .         Harm     .   (no gloves)
MR       .....                  (no boots)
Stlth    +++.......             (no amulet)
HPRegen  0.46/turn              l - ring of fire
MPRegen  0.10/turn              (no ring)

@: brilliant, slowed, very slow
A: camouflage 1, sense surroundings 1, regeneration 1, strong 1, magic shield
a: no special abilities


You were on level 2 of the Dungeon.
You were hungry.

You visited 1 branch of the dungeon, and saw 2 of its levels.

You collected 48 gold pieces.

Inventory:

Hand Weapons
 e - a +0 dagger (weapon)
Missiles
 m - 28 arrows
Armour
 a - a +0 robe (worn)
 b - a +0 hat (worn)
Jewellery
 l - a ring of fire (left hand)
Scrolls
 c - a scroll of teleportation {unknown}
 h - a scroll of fear {unknown}
 j - 2 scrolls of identify {unknown}
 k - a scroll of immolation {unknown}
Comestibles
 d - 6 rations


   Skills:
 - Level 1.7 Dodging
 - Level 1.7 Stealth
 - Level 3.0 Spellcasting
 + Level 2.5 Conjurations
   Level 1.0 Summonings
   Level 0.8 Translocations


You had 6 spell levels left.
You knew the following spells:

 Your Spells              Type           Power        Failure   Level  Hunger
a - Magic Dart            Conj           ####         1%          1    None

Your spell library contained the following spells:

 Spells                   Type           Power        Failure   Level  Hunger
 Conjure Flame            Conj/Fire      #####...     2%          3    ###....
 Slow                     Hex            ###.....     1%          2    ##.....
 Mephitic Cloud           Conj/Pois/Air  ###.....     2%          3    ###....
 Blink                    Tloc           N/A          1%          2    ##.....
 Call Imp                 Summ           ###.....     1%          2    ##.....


Dungeon Overview and Level Annotations

Branches:
Dungeon (2/15)

Altars:

Annotations:
D:2 Natasha


Innate Abilities, Weirdness & Mutations

When hurt, damage is shared between your health and your magic reserves.
Your skin changes colour to match your surroundings (Stealth+).
You passively map a small area around you.
Your natural rate of healing is unusually fast.
Your muscles are strong. (Str +2)


Message History

You hit Natasha.
Natasha is severely wounded.
Natasha claws you.
You barely miss Natasha.
Natasha is severely wounded.
Natasha casts a spell at you. The magic dart hits you!
Natasha casts a spell at you. The magic dart hits you!
* * * LOW HITPOINT WARNING * * *
You hit Natasha.
Natasha is almost dead.
Natasha claws you.
* * * LOW HITPOINT WARNING * * *
Unknown command.
You hit Natasha.
Natasha is almost dead.
You are feeling hungry.
The crimson imp blinks!
Natasha claws you.
You die...

* , *, $ , , , , , #. #
. , , , ,, ##. . .. , ,,
,, #...#..: ,,, g , *
#.#..., , , .., * #... ,
, ..., ####.#.# ,, ,
...., #5h@.#,.## * *
....(..§##.# ..# # ,
.)....####.#*#.# ..,
...........###.# ..# ,
......[......#.#####..##
,
J.J.....................
*
...........(##)†......#
.J...#.###.###.<...####
* ....... ............#


You could see Natasha and a crimson imp.

Vanquished Creatures
  A giant cockroach (D:1)
  3 goblins
  3 hobgoblins
  4 kobolds
  A bat (D:1)
  3 frilled lizards
  A rat (D:1)
16 creatures vanquished.

Notes
Turn   | Place    | Note
-------+----------+-------------------------------------------
     0 | D:1      | Kaname the Demonspawn Wizard began the quest for the Orb.
     0 | D:1      | Reached XP level 1. HP: 13/13 MP: 4/4
   601 | D:1      | Gained mutation: When hurt, damage is shared between your health and your magic reserves. [demonic ancestry]
   601 | D:1      | Reached XP level 2. HP: 19/19 MP: 1/6
  1389 | D:2      | Noticed Natasha
  1402 | D:2      | Noticed a crimson imp
  1402 | D:2      | Gained mutation: Your skin changes colour to match your surroundings (Stealth+). [potion of mutation]
  1402 | D:2      | Gained mutation: You passively map a small area around you. [potion of mutation]
  1402 | D:2      | Gained mutation: Your natural rate of healing is unusually fast. [potion of mutation]
  1402 | D:2      | Gained mutation: Your muscles are strong. (Str +2) [potion of mutation]
  1408 | D:2      | Noticed a crimson imp
  1411 | D:2      | Slain by Natasha

Vault maps used:
D:1:      dpeg_arrival_arbitrary_b, minivault_11
D:2:      first_ration, uniq_natasha, uniq_robin

Skill      XL: |  1 |
---------------+----+-----
Conjurations   | 2 |  2.5
Dodging        | |  1.7
Stealth        | |  1.7
Spellcasting   | |  3.0
Summonings     | |  1.0
Translocations | |  0.8

Action                   || total
-------------------------++-------
Melee: Unarmed           ||     9
       Dagger            ||    41
 Cast: Magic Dart        ||    34
  Use: Potion            ||     3
  Eat: Chunk             ||     1
Armor: Robe              ||     4
Dodge: Dodged            ||    38

Table legend:
 A = Spawn XP
 B = Non-spawn XP
 C = Spawn XP percentage of total XP
 D = Spawn monster count
 E = Non-spawn monster count
 F = Spawn count percentage of total count
 G = Total turns spent on level
                    A         B        C        D         E        F      G
               +---------+---------+-------+---------+---------+-------+---------
         Total |       0 |      26 |   0.0 |       0 |      16 |   0.0 |  1411
               +---------+---------+-------+---------+---------+-------+---------
           D:1 |       0 |      19 |   0.0 |       0 |      12 |   0.0 |  1348
           D:2 |       0 |       7 |   0.0 |       0 |       4 |   0.0 |    63
               +---------+---------+-------+---------+---------+-------+---------
